MID
LAKE COUNTY CAPTAINS @ GREENVILLE DRIVE
04/14/2048
 
TOP OF THE 1ST
Lake County Captains batting - Pitching for Greenville Drive : RHP Cody Humphries
Pitching: RHP Cody Humphries
Batting: RHB George Wagner 0-0: Called Strike
0-1: Foul Ball, location: 2F
0-2: Ball
1-2: Ball
2-2: Ball
3-2: Foul Ball, location: 2F
3-2: Strikes out swinging
Batting: RHB Steve Gusman 0-0: SINGLE (Flyball, 34D, EV 89.4 MPH)
Batting: RHB Josh Patterson 0-0: Ball
1-0: Ball
2-0: Single, Error in OF, E7, batter to second base (Groundball, 56D, EV 102.5 MPH)
Steve Gusman to third
Batting: LHB Jeff Palmowski 0-0: Called Strike
0-1: Foul Ball, location: 2F
0-2: Ball
1-2: Strikes out looking
Batting: RHB Adam McMillen 0-0: Ball
1-0: Called Strike
1-1: Swinging Strike
1-2: Strikes out swinging
Top of the 1st over - 0 runs, 2 hits, 1 error, 2 left on base; Lake County 0 - Greenville 0
BOTTOM OF THE 1ST
Greenville Drive batting - Pitching for Lake County Captains : RHP Jeff Degel
Pitching: RHP Jeff Degel
Batting: LHB John Buff 0-0: Swinging Strike
0-1: Called Strike
0-2: Hit by Pitch
Batting: LHB Carlos Guerra 0-0: Ball
John Buff is caught stealing 2nd base 2-6
1-0: Ball
2-0: Foul Ball, location: 2F
2-1: Called Strike
2-2: Ball
3-2: Base on Balls
Batting: LHB Eddie Contreras 0-0: Called Strike
Carlos Guerra is caught stealing 2nd base 2-6
0-1: Ball
1-1: Ball
2-1: Swinging Strike
2-2: Strikes out swinging
Bottom of the 1st over - 0 runs, 0 hits, 0 errors, 0 left on base; Lake County 0 - Greenville 0
TOP OF THE 2ND
Lake County Captains batting - Pitching for Greenville Drive : RHP Cody Humphries
Batting: LHB Aaron Caron 0-0: Called Strike
0-1: Ball
1-1: Foul Ball, location: 2F
1-2: Foul Ball, location: 2F
1-2: Foul Ball, location: 2F
1-2: Ground out 2-3 (Groundball, 15S, EV 73.1 MPH)
Batting: RHB Chris Diaz 0-0: Ball
1-0: SINGLE (Groundball, 6M, EV 98.1 MPH)
Batting: RHB John Bianconi 0-0: Ball
1-0: SINGLE (Line Drive, 3D, EV 95.6 MPH)
Chris Diaz to second
Runner from 2nd tries for 3rd, SAFE, throw by RF made to third
Batting: RHB Anibal Casteles 0-0: Ball
1-0: Ball
2-0: Called Strike
John Bianconi steals 2nd base
2-1: Ground out 4-3 (Groundball, 4, EV 93.8 MPH)
Chris Diaz scores
John Bianconi to third
Batting: RHB George Wagner 0-0: Ball
1-0: Called Strike
1-1: Called Strike
1-2: Foul Ball, location: 2F
1-2: Strikes out swinging
Top of the 2nd over - 1 run, 2 hits, 0 errors, 1 left on base; Lake County 1 - Greenville 0
BOTTOM OF THE 2ND
Greenville Drive batting - Pitching for Lake County Captains : RHP Jeff Degel
Batting: RHB Jim Hubbard 0-0: Ground out 4-3 (Groundball, 4, EV 78.8 MPH)
Batting: SHB Robert Soto 0-0: Ball
1-0: Ball
2-0: Ball
3-0: Called Strike
3-1: Foul Ball, location: 2F
3-2: Base on Balls
Batting: RHB Alex Cardenas 0-0: Ball
1-0: Ball
2-0: Foul Ball, location: 2F
2-1: Ball
3-1: Called Strike
3-2: Foul Ball, location: 2F
3-2: Fly out, F5 (Popup, 25F, EV 86.9 MPH)
Batting: RHB Tony Nunez 0-0: Ball
1-0: Called Strike
1-1: Ball
2-1: Foul Ball, location: 2F
2-2: Hit by Pitch
Robert Soto to second
Batting: RHB Ted Emmerich 0-0: Called Strike
0-1: Swinging Strike
0-2: Ball
1-2: Ball
2-2: Fly out, F7 (Flyball, 7S, EV 76.9 MPH)
Bottom of the 2nd over - 0 runs, 0 hits, 0 errors, 2 left on base; Lake County 1 - Greenville 0
TOP OF THE 3RD
Lake County Captains batting - Pitching for Greenville Drive : RHP Cody Humphries
Batting: RHB Steve Gusman 0-0: Called Strike
0-1: Called Strike
0-2: Ball
1-2: Foul Ball, location: 2F
1-2: Ball
2-2: Strikes out swinging
Batting: RHB Josh Patterson 0-0: Ball
1-0: Called Strike
1-1: Ball
2-1: Swinging Strike
2-2: Foul Ball, location: 2F
2-2: Ball
3-2: Base on Balls
Batting: LHB Jeff Palmowski 0-0: SINGLE (Line Drive, 4MD, EV 111.9 MPH)
Josh Patterson to second
Batting: RHB Adam McMillen 0-0: Ball
1-0: Ball
2-0: Ball
3-0: Called Strike
3-1: Called Strike
3-2: Strikes out swinging
Batting: LHB Aaron Caron 0-0: Ball
1-0: Fielders Choice at 2nd, 5-4 (Groundball, 6, EV 84.4 MPH)
Top of the 3rd over - 0 runs, 1 hit, 0 errors, 2 left on base; Lake County 1 - Greenville 0
BOTTOM OF THE 3RD
Greenville Drive batting - Pitching for Lake County Captains : RHP Jeff Degel
Batting: RHB Roger Mitchell 0-0: Foul Ball, location: 2F
0-1: Called Strike
0-2: Ball
1-2: Strikes out swinging
Batting: LHB John Buff 0-0: Swinging Strike
0-1: Ball
1-1: Ball
2-1: Ground out U3 (Groundball, 34, EV 87.5 MPH)
Batting: LHB Carlos Guerra 0-0: Called Strike
0-1: Ball
1-1: DOUBLE (Flyball, 78D, EV 106.9 MPH)
Batting: LHB Eddie Contreras 0-0: Ball
1-0: Called Strike
1-1: Ball
2-1: Foul Ball, location: 2F
2-2: Ball
3-2: SINGLE (Line Drive, 6MD, EV 100.0 MPH)
Carlos Guerra to third
Runner from 3rd tries for Home, SAFE, throw by CF to home
Batting: RHB Jim Hubbard 0-0: Called Strike
0-1: Ball
Wild Pitch!
Eddie Contreras to second
1-1: Called Strike
1-2: Fly out, F9 (Flyball, 9D, EV 88.1 MPH)
Bottom of the 3rd over - 1 run, 2 hits, 0 errors, 1 left on base; Lake County 1 - Greenville 1
TOP OF THE 4TH
Lake County Captains batting - Pitching for Greenville Drive : RHP Cody Humphries
Batting: RHB Chris Diaz 0-0: Called Strike
0-1: Foul Ball, location: 2F
0-2: Ground out 4-3 (Groundball, 4S, EV 88.1 MPH)
Batting: RHB John Bianconi 0-0: SINGLE (Groundball, 4MS, EV 68.1 MPH) (infield hit)
Pinch Runner at 1st Reynaldo Herrera:
Batting: RHB Anibal Casteles 0-0: Called Strike
0-1: Ball
1-1: Called Strike
1-2: Ball
2-2: Strikes out swinging
Batting: RHB George Wagner 0-0: Ball
1-0: Called Strike
1-1: Ball
2-1: DOUBLE (Line Drive, 9LM, EV 110.6 MPH)
Reynaldo Herrera to third
Runner from 3rd tries for Home, SAFE, throw by RF to trailing runner, SAFE at third!
Batting: RHB Steve Gusman 0-0: Called Strike
0-1: SINGLE (Groundball, 56D, EV 96.9 MPH)
George Wagner scores
Batting: RHB Josh Patterson 0-0: Ball
1-0: Called Strike
Steve Gusman steals 2nd base
1-1: Ball
2-1: Ball
3-1: Base on Balls
Batting: LHB Jeff Palmowski 0-0: Ball
1-0: Ball
2-0: Fly out, F7 (Flyball, 7, EV 98.1 MPH)
Top of the 4th over - 2 runs, 3 hits, 0 errors, 2 left on base; Lake County 3 - Greenville 1
BOTTOM OF THE 4TH
Greenville Drive batting - Pitching for Lake County Captains : RHP Jeff Degel
Now at 2B: Steve Gusman
Now in LF: Gary Ming
Batting: SHB Robert Soto 0-0: Ball
1-0: Ball
2-0: Ball
3-0: Foul Ball, location: 2F
3-1: Foul Ball, location: 2F
3-2: Strikes out swinging
Batting: RHB Alex Cardenas 0-0: Foul Ball, location: 2F
0-1: Called Strike
0-2: Ball
1-2: Ball
2-2: Fly out, F9 (Flyball, 9D, EV 101.9 MPH)
Batting: RHB Tony Nunez 0-0: Ball
1-0: Called Strike
1-1: Called Strike
1-2: Fly out, F7 (Flyball, 78S, EV 84.4 MPH)
Bottom of the 4th over - 0 runs, 0 hits, 0 errors, 0 left on base; Lake County 3 - Greenville 1
TOP OF THE 5TH
Lake County Captains batting - Pitching for Greenville Drive : RHP Cody Humphries
Batting: RHB Adam McMillen 0-0: Foul Ball, location: 2F
0-1: Called Strike
0-2: Fly out, F9 (Flyball, 89S, EV 85.6 MPH)
Batting: LHB Aaron Caron 0-0: Called Strike
0-1: Ball
1-1: Swinging Strike
1-2: Ground out 4-3 (Groundball, 34, EV 100.0 MPH)
Batting: RHB Chris Diaz 0-0: Ball
1-0: SOLO HOME RUN (Flyball, 7D, EV 99.4 MPH), Distance : 388 ft
Batting: RHB Gary Ming 0-0: Ball
1-0: Ball
2-0: Ground out 4-3 (Groundball, 4S, EV 81.9 MPH)
Top of the 5th over - 1 run, 1 hit, 0 errors, 0 left on base; Lake County 4 - Greenville 1
BOTTOM OF THE 5TH
Greenville Drive batting - Pitching for Lake County Captains : RHP Jeff Degel
Batting: RHB Ted Emmerich 0-0: Ball
1-0: Called Strike
1-1: Called Strike
1-2: Strikes out swinging
Batting: RHB Roger Mitchell 0-0: Foul Ball, location: 2F
0-1: Ball
1-1: Fly out, F8 (Flyball, 8RM, EV 95.0 MPH)
Batting: LHB John Buff 0-0: Ball
1-0: Ball
2-0: Swinging Strike
2-1: Ball
3-1: Base on Balls
Batting: LHB Carlos Guerra 0-0: Called Strike
0-1: Foul Ball, location: 2F
0-2: Ball
1-2: Ball
2-2: Ball
3-2: Foul Ball, location: 2F
3-2: Foul Ball, location: 2F
3-2: Foul Ball, location: 2F
3-2: Foul Ball, location: 2F
3-2: Strikes out swinging
Bottom of the 5th over - 0 runs, 0 hits, 0 errors, 1 left on base; Lake County 4 - Greenville 1
TOP OF THE 6TH
Lake County Captains batting - Pitching for Greenville Drive : RHP Cody Humphries
Pitching: RHP Victor Escobar
Batting: RHB Anibal Casteles 0-0: Foul Ball, location: 2F
0-1: Ball
1-1: Swinging Strike
1-2: Foul Ball, location: 2F
1-2: Strikes out looking
Batting: RHB George Wagner 0-0: Called Strike
0-1: Called Strike
0-2: Ball
1-2: Ball
2-2: Strikes out looking
Batting: RHB Steve Gusman 0-0: Ball
1-0: Ball
2-0: SINGLE (Groundball, 4MS, EV 63.8 MPH) (infield hit)
Batting: RHB Josh Patterson 0-0: Ball
Steve Gusman steals 2nd base
1-0: Ball
2-0: SINGLE (Groundball, 56D, EV 103.8 MPH)
Steve Gusman to third
Runner from 3rd tries for Home, SAFE, throw by LF to home
Josh Patterson to second
Batting: LHB Jeff Palmowski 0-0: Ball
1-0: Fly out, F8 (Flyball, 8RM, EV 90.0 MPH)
Top of the 6th over - 1 run, 2 hits, 0 errors, 1 left on base; Lake County 5 - Greenville 1
BOTTOM OF THE 6TH
Greenville Drive batting - Pitching for Lake County Captains : RHP Jeff Degel
Batting: LHB Eddie Contreras 0-0: Ball
1-0: Swinging Strike
1-1: Swinging Strike
1-2: Fly out, F9 (Flyball, 9D, EV 86.9 MPH)
Batting: RHB Jim Hubbard 0-0: Called Strike
0-1: SINGLE (Groundball, 6MD, EV 101.2 MPH)
Batting: SHB Robert Soto 0-0: Grounds into double play, 3-6-3 (Groundball, 3, EV 90.6 MPH)
Bottom of the 6th over - 0 runs, 1 hit, 0 errors, 0 left on base; Lake County 5 - Greenville 1
TOP OF THE 7TH
Lake County Captains batting - Pitching for Greenville Drive : RHP Victor Escobar
Pinch Hitting: LHB Vinny Carreno 0-0: Called Strike
0-1: Ball
1-1: Ball
2-1: Ball
3-1: DOUBLE (Groundball, 3L, EV 94.4 MPH)
Batting: LHB Aaron Caron 0-0: Ball
1-0: Swinging Strike
1-1: Called Strike
1-2: Ball
2-2: Ball
3-2: Base on Balls
Batting: RHB Chris Diaz 0-0: Called Strike
0-1: Sac Bunt to 5S - play at first, batter safe!
Vinny Carreno to third
Aaron Caron to second
Batting: RHB Gary Ming 0-0: Fly out, F5 (Popup, 56, EV 70.6 MPH)
Batting: RHB Anibal Casteles 0-0: Called Strike
0-1: Grounds into double play, 4-6-3 (Groundball, 4, EV 85.6 MPH)
Top of the 7th over - 0 runs, 2 hits, 0 errors, 2 left on base; Lake County 5 - Greenville 1
BOTTOM OF THE 7TH
Greenville Drive batting - Pitching for Lake County Captains : RHP Jeff Degel
Now at SS: Jeremy Givens
Batting: RHB Alex Cardenas 0-0: Fly out, F6 (Line Drive, 6, EV 68.8 MPH)
Batting: RHB Tony Nunez 0-0: Ball
1-0: Ball
2-0: Ball
3-0: Base on Balls
Pitching: RHP Nate Burnett
Batting: RHB Ted Emmerich 0-0: Called Strike
0-1: Ball
1-1: Ball
2-1: Called Strike
2-2: SINGLE (Groundball, 6MD, EV 103.1 MPH)
Tony Nunez to second
Runner from 2nd tries for 3rd, OUT! 8-5
Pinch Hitting: LHB Kevin Rolison 0-0: Ball
1-0: Ball
2-0: Fly out, F8 (Line Drive, 78D, EV 94.4 MPH)
Bottom of the 7th over - 0 runs, 1 hit, 0 errors, 1 left on base; Lake County 5 - Greenville 1
TOP OF THE 8TH
Lake County Captains batting - Pitching for Greenville Drive : RHP Victor Escobar
Pitching: LHP Josh Turner
Now at 2B: Carlos Guerra
Now in LF: Kevin Rolison
Batting: RHB George Wagner 0-0: Called Strike
0-1: Foul Ball, location: 2F
0-2: Foul Ball, location: 2F
0-2: Strikes out swinging
Batting: RHB Steve Gusman 0-0: Ball
1-0: Called Strike
1-1: Foul Ball, location: 2F
1-2: Strikes out swinging
Batting: RHB Josh Patterson 0-0: Ball
1-0: Called Strike
1-1: Ball
2-1: Ball
3-1: Swinging Strike
3-2: Strikes out looking
Top of the 8th over - 0 runs, 0 hits, 0 errors, 0 left on base; Lake County 5 - Greenville 1
BOTTOM OF THE 8TH
Greenville Drive batting - Pitching for Lake County Captains : RHP Nate Burnett
Batting: LHB John Buff 0-0: Called Strike
0-1: Swinging Strike
0-2: Strikes out swinging
Batting: LHB Carlos Guerra 0-0: Foul Ball, location: 2F
0-1: Foul Ball, location: 2F
0-2: Foul Ball, location: 2F
0-2: Ball
1-2: Ball
2-2: Foul Ball, location: 2F
2-2: Foul Ball, location: 2F
2-2: Strikes out looking
Batting: LHB Eddie Contreras 0-0: Called Strike
0-1: Foul Ball, location: 2F
0-2: Ball
1-2: Strikes out swinging
Bottom of the 8th over - 0 runs, 0 hits, 0 errors, 0 left on base; Lake County 5 - Greenville 1
TOP OF THE 9TH
Lake County Captains batting - Pitching for Greenville Drive : LHP Josh Turner
Batting: LHB Jeff Palmowski 0-0: Ball
1-0: Ball
2-0: Called Strike
2-1: Ball
3-1: Base on Balls
Batting: RHB Jeremy Givens 0-0: Ball
1-0: Swinging Strike
1-1: Fly out, F8 (Line Drive, 89M, EV 93.1 MPH)
Batting: LHB Aaron Caron 0-0: Called Strike
0-1: Fielders Choice at 2nd, 5-6 (Groundball, 56, EV 79.4 MPH)
Batting: RHB Chris Diaz 0-0: Ball
1-0: Ball
2-0: Called Strike
2-1: Ball
3-1: Called Strike
3-2: Ground out 6-3 (Groundball, 6MD, EV 104.4 MPH)
Top of the 9th over - 0 runs, 0 hits, 0 errors, 1 left on base; Lake County 5 - Greenville 1
BOTTOM OF THE 9TH
Greenville Drive batting - Pitching for Lake County Captains : RHP Nate Burnett
Batting: RHB Jim Hubbard 0-0: Ball
1-0: Ball
2-0: Fly out, F9 (Flyball, 9D, EV 99.4 MPH)
Batting: SHB Robert Soto 0-0: Ball
1-0: Foul Ball, location: 2F
1-1: Ball
2-1: Ground out U3 (Groundball, 34, EV 85.0 MPH)
Batting: RHB Alex Cardenas 0-0: Ball
1-0: Called Strike
1-1: Fly out, F7 (Flyball, 78S, EV 86.9 MPH)
Bottom of the 9th over - 0 runs, 0 hits, 0 errors, 0 left on base; Lake County 5 - Greenville 1
Tuesday, March 28th , 2023 - OOTP Baseball 23.10 Build 110